SAAA
PAWNEE PARKSNREC @ PHOENIX HOTSPUR RESERVES
08/30/2038
 
TOP OF THE 1ST
Pawnee ParksNRec batting - Pitching for Phoenix Hotspur Reserves : LHP José Vélez
Pitching: LHP José Vélez
Batting: LHB Vance Corkum 0-0: Ball
1-0: Ground out 4-3 (Groundball, 4, EV 82.5 MPH)
Batting: RHB Josh Mawdesley 0-0: Called Strike
0-1: Ball
1-1: Ball
2-1: Fly out, F4 (Popup, 34, EV 58.1 MPH)
Batting: RHB Francisco Alhama 0-0: Foul Ball, location: 2F
0-1: Foul Ball, location: 2F
0-2: Ball
1-2: SINGLE (Line Drive, 78M, EV 91.9 MPH)
Batting: RHB Chip Mullaney 0-0: Ball
1-0: Foul Ball, location: 2F
1-1: Ball
2-1: Foul Ball, location: 2F
2-2: Foul Ball, location: 2F
2-2: Foul Ball, location: 2F
2-2: SINGLE (Groundball, 56, EV 90.0 MPH) (infield hit)
Francisco Alhama to second
Batting: RHB Layton Arntsen 0-0: Ground out 6-3 (Groundball, 6M, EV 91.2 MPH)
Top of the 1st over - 0 runs, 2 hits, 0 errors, 2 left on base; Pawnee 0 - Phoenix 0
BOTTOM OF THE 1ST
Phoenix Hotspur Reserves batting - Pitching for Pawnee ParksNRec : RHP Hengkie Iriawan
Pitching: RHP Hengkie Iriawan
Batting: LHB Malibok Herreria 0-0: Fly out, F9 (Flyball, 9S, EV 83.8 MPH)
Batting: RHB Paco González 0-0: Called Strike
0-1: Called Strike
0-2: Ball
1-2: Strikes out swinging
Batting: RHB Ilkka Haapajarvi 0-0: Ball
1-0: Called Strike
1-1: Ground out 3-1 (Groundball, 34, EV 110.0 MPH)
Bottom of the 1st over - 0 runs, 0 hits, 0 errors, 0 left on base; Pawnee 0 - Phoenix 0
TOP OF THE 2ND
Pawnee ParksNRec batting - Pitching for Phoenix Hotspur Reserves : LHP José Vélez
Batting: RHB Robin Colwill 0-0: Ball
1-0: Ball
2-0: Ball
3-0: Base on Balls
Batting: RHB Fletcher Megarity 0-0: Called Strike
0-1: Foul Ball, location: 2F
0-2: Ball
1-2: Fielders Choice at 2nd, 6-4 (Groundball, 6, EV 84.4 MPH)
Batting: LHB Silas Givens 0-0: Ball
1-0: Foul Ball, location: 2F
1-1: Ball
2-1: Foul Ball, location: 2F
2-2: Ball
3-2: Fly out, F8 (Flyball, 8RM, EV 90.0 MPH)
Batting: LHB Tom Washington 0-0: Fly out, F4 (Line Drive, 4, EV 66.2 MPH)
Top of the 2nd over - 0 runs, 0 hits, 0 errors, 1 left on base; Pawnee 0 - Phoenix 0
BOTTOM OF THE 2ND
Phoenix Hotspur Reserves batting - Pitching for Pawnee ParksNRec : RHP Hengkie Iriawan
Batting: RHB Tyler Hannah 0-0: Ground out 6-3 (Groundball, 6, EV 84.4 MPH)
Batting: RHB Denny Pickett 0-0: Called Strike
0-1: Foul Ball, location: 2F
0-2: Ground out 5-3 (Groundball, 56, EV 106.2 MPH)
Batting: RHB Jeff Oglethorpe 0-0: Ball
1-0: Called Strike
1-1: Called Strike
1-2: Ball
2-2: Foul Ball, location: 2F
2-2: Ball
3-2: Base on Balls
Batting: RHB Terry MacDonald 0-0: Ball
1-0: SINGLE (Groundball, 56D, EV 98.8 MPH)
Jeff Oglethorpe to second
Batting: LHB Dinand Rehling 0-0: Ground out 1-3 (Groundball, 34S, EV 87.5 MPH)
Bottom of the 2nd over - 0 runs, 1 hit, 0 errors, 2 left on base; Pawnee 0 - Phoenix 0
TOP OF THE 3RD
Pawnee ParksNRec batting - Pitching for Phoenix Hotspur Reserves : LHP José Vélez
Batting: LHB Vance Corkum 0-0: Fly out, F9 (Flyball, 89D, EV 80.0 MPH)
Batting: RHB Josh Mawdesley 0-0: Called Strike
0-1: Fly out, F7 (Flyball, 78S, EV 92.5 MPH)
Batting: RHB Francisco Alhama 0-0: SINGLE (Line Drive, 7S, EV 109.4 MPH)
Batting: RHB Chip Mullaney 0-0: Ball
1-0: Called Strike
1-1: Foul Ball, location: 2F
1-2: Fly out, F9 (Flyball, 9, EV 85.6 MPH)
Top of the 3rd over - 0 runs, 1 hit, 0 errors, 1 left on base; Pawnee 0 - Phoenix 0
BOTTOM OF THE 3RD
Phoenix Hotspur Reserves batting - Pitching for Pawnee ParksNRec : RHP Hengkie Iriawan
Batting: RHB Bernardo Rivera 0-0: Called Strike
0-1: Called Strike
0-2: Ball
1-2: Ball
2-2: Strikes out swinging
Batting: LHB Malibok Herreria 0-0: Ball
1-0: Foul Ball, location: 2F
1-1: Fly out, F9 (Flyball, 89XD, EV 106.2 MPH)
Batting: RHB Paco González 0-0: Fly out, F7 (Line Drive, 7, EV 100.0 MPH)
Bottom of the 3rd over - 0 runs, 0 hits, 0 errors, 0 left on base; Pawnee 0 - Phoenix 0
TOP OF THE 4TH
Pawnee ParksNRec batting - Pitching for Phoenix Hotspur Reserves : LHP José Vélez
Batting: RHB Layton Arntsen 0-0: Foul Ball, location: 2F
0-1: SINGLE (Line Drive, 89S, EV 92.5 MPH)
Batting: RHB Robin Colwill 0-0: Swinging Strike
0-1: Ball
1-1: Foul Ball, location: 2F
1-2: Strikes out swinging
Batting: RHB Fletcher Megarity 0-0: Ball
1-0: Fly out, F8 (Flyball, 8RS, EV 66.2 MPH)
Batting: LHB Silas Givens 0-0: Called Strike
0-1: Ball
1-1: Called Strike
1-2: Ground out 4-3 (Groundball, 4S, EV 68.1 MPH)
Top of the 4th over - 0 runs, 1 hit, 0 errors, 1 left on base; Pawnee 0 - Phoenix 0
BOTTOM OF THE 4TH
Phoenix Hotspur Reserves batting - Pitching for Pawnee ParksNRec : RHP Hengkie Iriawan
Batting: RHB Ilkka Haapajarvi 0-0: Ball
1-0: Called Strike
1-1: Foul Ball, location: 2F
1-2: Ball
2-2: Ball
3-2: Strikes out swinging
Batting: RHB Tyler Hannah 0-0: SINGLE (Groundball, 56D, EV 96.2 MPH)
Batting: RHB Denny Pickett 0-0: Ball
Tyler Hannah steals 2nd, throwing error, E2
Tyler Hannah to third
1-0: Called Strike
1-1: Foul Ball, location: 2F
1-2: Strikes out swinging
Batting: RHB Jeff Oglethorpe 0-0: Called Strike
0-1: DOUBLE (Groundball, 5L, EV 108.1 MPH)
Tyler Hannah scores
Batting: RHB Terry MacDonald 0-0: Ball
1-0: Ball
2-0: DOUBLE (Line Drive, 78M, EV 100.0 MPH)
Jeff Oglethorpe scores
Batting: LHB Dinand Rehling 0-0: Ground out 4-3 (Groundball, 4S, EV 85.0 MPH)
Bottom of the 4th over - 2 runs, 3 hits, 1 error, 1 left on base; Pawnee 0 - Phoenix 2
TOP OF THE 5TH
Pawnee ParksNRec batting - Pitching for Phoenix Hotspur Reserves : LHP José Vélez
Batting: LHB Tom Washington 0-0: Ball
1-0: Foul Ball, location: 2F
1-1: Ball
2-1: Ball
3-1: Ground out U3 (Groundball, 3L, EV 80.6 MPH)
Batting: LHB Vance Corkum 0-0: Fly out, F8 (Flyball, 8RD, EV 90.6 MPH)
Batting: RHB Josh Mawdesley 0-0: DOUBLE (Line Drive, 9LM, EV 93.8 MPH)
Batting: RHB Francisco Alhama 0-0: Ball
1-0: Foul Ball, location: 2F
1-1: Ball
2-1: Called Strike
2-2: Strikes out swinging
Top of the 5th over - 0 runs, 1 hit, 0 errors, 1 left on base; Pawnee 0 - Phoenix 2
BOTTOM OF THE 5TH
Phoenix Hotspur Reserves batting - Pitching for Pawnee ParksNRec : RHP Hengkie Iriawan
Batting: RHB Bernardo Rivera 0-0: Swinging Strike
0-1: Ball
1-1: Ball
2-1: Swinging Strike
2-2: Ground out 6-3 (Groundball, 6M, EV 104.4 MPH)
Batting: LHB Malibok Herreria 0-0: Called Strike
0-1: Ball
1-1: Ball
2-1: Foul Ball, location: 2F
2-2: Strikes out swinging
Batting: RHB Paco González 0-0: Ball
1-0: Called Strike
1-1: Ball
2-1: Fly out, F8 (Flyball, 8RD, EV 94.4 MPH)
Bottom of the 5th over - 0 runs, 0 hits, 0 errors, 0 left on base; Pawnee 0 - Phoenix 2
TOP OF THE 6TH
Pawnee ParksNRec batting - Pitching for Phoenix Hotspur Reserves : LHP José Vélez
Batting: RHB Chip Mullaney 0-0: Ball
1-0: Called Strike
1-1: Ball
2-1: Ball
3-1: Ground out 3-1 (Groundball, 34, EV 91.9 MPH)
Batting: RHB Layton Arntsen 0-0: Ball
1-0: Ball
2-0: Ground out 5-3 (Groundball, 56S, EV 78.8 MPH)
Batting: RHB Robin Colwill 0-0: Ball
1-0: Foul Ball, location: 2F
1-1: Ball
2-1: Called Strike
2-2: Ball
3-2: Base on Balls
Batting: RHB Fletcher Megarity 0-0: Called Strike
0-1: Ball
1-1: Fly out, F9 (Flyball, 9LM, EV 95.6 MPH)
Top of the 6th over - 0 runs, 0 hits, 0 errors, 1 left on base; Pawnee 0 - Phoenix 2
BOTTOM OF THE 6TH
Phoenix Hotspur Reserves batting - Pitching for Pawnee ParksNRec : RHP Hengkie Iriawan
Batting: RHB Ilkka Haapajarvi 0-0: Called Strike
0-1: SINGLE (Flyball, 9S, EV 86.2 MPH)
Batting: RHB Tyler Hannah 0-0: Ball
1-0: Ball
2-0: Ball
3-0: Called Strike
3-1: Foul Ball, location: 2F
3-2: Foul Ball, location: 2F
3-2: Foul Ball, location: 2F
3-2: Foul Ball, location: 2F
3-2: Foul Ball, location: 2F
3-2: Base on Balls
Ilkka Haapajarvi to second
Batting: RHB Denny Pickett 0-0: Ball
1-0: Ball
2-0: Swinging Strike
2-1: Ball
3-1: Fly out, F2 (Popup, 25F, EV 86.9 MPH)
Batting: RHB Jeff Oglethorpe 0-0: Ball
1-0: Grounds into double play, 3-6-3 (Groundball, 34, EV 82.5 MPH)
Bottom of the 6th over - 0 runs, 1 hit, 0 errors, 1 left on base; Pawnee 0 - Phoenix 2
TOP OF THE 7TH
Pawnee ParksNRec batting - Pitching for Phoenix Hotspur Reserves : LHP José Vélez
Batting: LHB Silas Givens 0-0: Ball
1-0: Foul Ball, location: 2F
1-1: Ball
2-1: Foul Ball, location: 2F
2-2: Ball
3-2: Foul Ball, location: 2F
3-2: Fly out, F8 (Flyball, 8LXD, EV 93.8 MPH)
Batting: LHB Tom Washington 0-0: Ground out 5-3 (Groundball, 56, EV 106.2 MPH)
Batting: LHB Vance Corkum 0-0: Called Strike
0-1: Ball
1-1: Foul Ball, location: 2F
1-2: Strikes out swinging
Top of the 7th over - 0 runs, 0 hits, 0 errors, 0 left on base; Pawnee 0 - Phoenix 2
BOTTOM OF THE 7TH
Phoenix Hotspur Reserves batting - Pitching for Pawnee ParksNRec : RHP Hengkie Iriawan
Batting: RHB Terry MacDonald 0-0: Ball
1-0: Ground out 4-3 (Groundball, 34, EV 106.2 MPH)
Now at 3B: Bill Perkins
Batting: LHB Dinand Rehling 0-0: Foul Ball, location: 2F
0-1: Called Strike
0-2: Ball
1-2: Ground out 4-3 (Groundball, 4, EV 92.5 MPH)
Batting: RHB Bernardo Rivera 0-0: Called Strike
0-1: Ball
1-1: Ball
2-1: Swinging Strike
2-2: Ball
3-2: Strikes out swinging
Bottom of the 7th over - 0 runs, 0 hits, 0 errors, 0 left on base; Pawnee 0 - Phoenix 2
TOP OF THE 8TH
Pawnee ParksNRec batting - Pitching for Phoenix Hotspur Reserves : LHP José Vélez
Batting: RHB Josh Mawdesley 0-0: Ball
1-0: Fly out, F7 (Flyball, 7S, EV 73.1 MPH)
Batting: RHB Francisco Alhama 0-0: Ball
1-0: Ball
2-0: Ball
3-0: Called Strike
3-1: Base on Balls
Batting: RHB Chip Mullaney 0-0: Called Strike
0-1: Ball
1-1: Swinging Strike
1-2: Strikes out swinging
Batting: RHB Layton Arntsen 0-0: Foul Ball, location: 2F
0-1: Swinging Strike
0-2: Fly out, F8 (Flyball, 8LXD, EV 94.4 MPH)
Top of the 8th over - 0 runs, 0 hits, 0 errors, 1 left on base; Pawnee 0 - Phoenix 2
BOTTOM OF THE 8TH
Phoenix Hotspur Reserves batting - Pitching for Pawnee ParksNRec : RHP Hengkie Iriawan
Batting: LHB Malibok Herreria 0-0: Ball
1-0: Ball
2-0: Called Strike
2-1: Foul Ball, location: 2F
2-2: Ball
3-2: Ground out 5-3 (Groundball, 5, EV 108.8 MPH)
Batting: RHB Paco González 0-0: Ball
1-0: Ground out 5-3 (Groundball, 5, EV 104.4 MPH)
Batting: RHB Ilkka Haapajarvi 0-0: Foul Ball, location: 2F
0-1: Ground out 6-3 (Groundball, 6, EV 103.8 MPH)
Bottom of the 8th over - 0 runs, 0 hits, 0 errors, 0 left on base; Pawnee 0 - Phoenix 2
TOP OF THE 9TH
Pawnee ParksNRec batting - Pitching for Phoenix Hotspur Reserves : LHP José Vélez
Pitching: RHP Juan Morán
Batting: RHB Robin Colwill 0-0: Called Strike
0-1: Ball
1-1: Ground out 6-3 (Groundball, 6, EV 101.2 MPH)
Batting: RHB Bill Perkins 0-0: Called Strike
0-1: Ball
1-1: Foul Ball, location: 2F
1-2: Strikes out looking
Batting: LHB Silas Givens 0-0: Ball
1-0: SINGLE (Groundball, 4MD, EV 97.5 MPH)
Batting: LHB Tom Washington 0-0: Ball
1-0: Called Strike
1-1: Called Strike
1-2: Foul Ball, location: 2F
1-2: Foul Ball, location: 2F
1-2: Strikes out swinging
Top of the 9th over - 0 runs, 1 hit, 0 errors, 1 left on base; Pawnee 0 - Phoenix 2
Friday, April 17th, 2020 - OOTP Baseball 20.8 Build 74